Map: Ulrena

Players

Grumm - Winner!

  • Race: Protoss Protoss
  • League: Gold

GateKeeeper

  • Race: Terran Terran
  • League: Gold

VOD

Have the link to the VOD?

Description

Time

  • Played on: Feb. 3, 2016, 3:34 p.m.
  • Length: 13:21
Show
View Real Time Build Order
Export as new Build Order

Grumm Protoss - Winner!

Build Orders: 1 Gate Expand 

Get SALT Encoding   

  12  0:01  Probe (Chrono Boost)  
  13  0:11  Probe (Chrono Boost)  
  14  0:22  Pylon, Probe (Chrono Boost)  
  15  0:37  Assimilator  
  15  0:41  Probe (Chrono Boost)  
  16  0:44  Gateway  
  16  0:51  Probe (Chrono Boost)  
  17  1:02  Probe (Chrono Boost)  
  18  1:12  Probe (Chrono Boost)  
  19  1:27  Nexus  
  19  1:37  Probe (Chrono Boost)  
  20  1:41  Cybernetics Core  
  20  1:48  Probe (Chrono Boost)  
  21  1:56  Pylon  
  21  2:05  Assimilator, Probe (Chrono Boost)  
  21  2:17  Stalker (Chrono Boost)  
  21  2:19  Warp Gate (Chrono Boost)  
  23  2:27  Robotics Facility  
  23  2:33  Probe  
  24  2:47  Probe  
  24  2:50  Adept (Chrono Boost)  
  27  2:51  Probe  
  28  2:59  Probe  
  28  3:01  Probe  
  30  3:09  Robotics Facility  
  30  3:18  Probe  
  30  3:20  Probe  
  30  3:25  Immortal  
  36  3:29  Probe  
  36  3:33  Pylon  
  37  3:49  Probe  
  37  3:51  Probe  
  39  4:00  Probe  
  40  4:03  Probe  
  41  4:10  Probe  
  41  4:15  Probe, Immortal (Chrono Boost)  
  47  4:21  Pylon, Probe  
  46  4:24  Robotics Bay  
  46  4:27  Probe  
  46  4:30  Gateway  
  47  4:31  Probe  
  47  4:33  Assimilator  
  48  4:39  Probe  
  53  4:46  Zealot  
  53  4:48  Probe, Immortal (Chrono Boost)  
  53  4:51  Probe  
  57  4:58  Pylon  
  57  4:59  Probe  
  57  5:02  Assimilator  
  57  5:03  Probe  
  59  5:07  Pylon  
  59  5:13  Disruptor (Chrono Boost)  
  62  5:17  Zealot  
  67  5:28  Disruptor (Chrono Boost)  
  67  5:30  Zealot  
  69  5:38  Probe  
  69  5:41  Forge  
  70  5:44  Gateway  
  70  5:46  Gateway  
  70  5:48  Pylon  
  70  5:49  Zealot  
  72  5:51  Stalker  
  72  5:54  Pylon  
  74  6:09  Observer (Chrono Boost)  
  81  6:14  Zealot  
  81  6:15  Zealot  
  81  6:18  Colossus (Chrono Boost), Protoss Ground Weapons Level 1  
  85  6:21  Photon Cannon  
  85  6:38  Probe  
  85  6:40  Probe  
  87  6:50  Nexus  
  87  6:53  Pylon  
  87  7:00  Stalker x2  
  91  7:02  Probe  
  92  7:12  Colossus (Chrono Boost)  
  98  7:37  Photon Cannon  
  98  7:40  Photon Cannon  
  98  7:42  Photon Cannon  
  98  7:43  Stalker x2  
  102  7:45  Pylon  
  102  7:49  Pylon  
  102  7:52  Gateway  
  102  7:56  Gateway  
  102  7:57  Gateway, Photon Cannon  
  102  7:59  Pylon  
  82  9:10  Stalker x3  
  82  9:11  Stalker  
  81  9:19  Photon Cannon  
  81  9:21  Photon Cannon  
  69  9:38  Photon Cannon  
  69  9:40  Stalker x5  
  70  10:17  Pylon  
  50  10:43  Stalker x4  
  50  10:44  Stalker x2  
  56  11:59  Probe x2  
  56  12:00  Probe  
  59  12:09  Probe x2  
  59  12:12  Probe  
  62  12:24  Probe  
  64  13:00  Zealot x3  
  64  13:01  Observer (Chrono Boost), Zealot x4  
Show
View Real Time Build Order
Export as new Build Order

GateKeeeper Terran 

Build Orders:  

Get SALT Encoding   

  12  0:02  SCV  
  13  0:14  SCV  
  13  0:18  Supply Depot  
  14  0:26  SCV  
  15  0:36  Refinery  
  15  0:39  SCV  
  16  0:46  Barracks  
  16  0:57  SCV  
  17  1:12  Supply Depot  
  17  1:13  SCV  
  18  1:26  SCV  
  19  1:33  Refinery  
  19  1:34  Reaper  
  19  1:39  Orbital Command  
  20  2:07  SCV  
  21  2:15  Command Center  
  21  2:17  Marine  
  21  2:22  SCV  
  23  2:34  SCV  
  24  2:54  Factory  
  24  2:57  Marine  
  25  3:00  Command Center  
  25  3:03  SCV  
  26  3:15  Marine  
  27  3:27  SCV  
  27  3:33  Supply Depot, Marine  
  27  3:34  Orbital Command, Supply Depot  
  29  3:51  Widow Mine  
  31  4:00  Starport  
  31  4:01  Marine  
  31  4:02  Starport  
  31  4:12  SCV x2  
  32  4:39  Starport Tech Lab  
  32  4:40  Starport Reactor  
  32  4:41  SCV  
  32  4:42  SCV  
  32  4:43  Widow Mine  
  36  4:49  Marine  
  37  4:54  SCV x2  
  37  4:55  Liberator  
  39  5:03  Refinery  
  39  5:06  SCV x2  
  41  5:09  Fusion Core  
  41  5:12  Widow Mine  
  46  5:18  SCV x2  
  48  5:24  Orbital Command  
  48  5:30  SCV x2  
  48  5:32  Liberator  
  50  5:36  Marine  
  50  5:37  Engineering Bay  
  50  5:38  Liberator  
  50  5:42  SCV x2  
  56  5:51  SCV  
  56  5:54  Marine, SCV x2  
  63  6:00  Advanced Ballistics  
  63  6:04  Engineering Bay  
  63  6:10  Missile Turret  
  63  6:11  SCV  
  63  6:12  SCV x2  
  63  6:15  Missile Turret  
  66  6:18  Missile Turret  
  66  6:21  Liberator  
  66  6:23  SCV  
  67  6:28  Refinery, Barracks  
  67  6:29  Barracks  
  67  6:30  SCV x2  
  68  6:36  SCV  
  72  6:42  SCV  
  73  6:50  SCV x2  
  75  6:54  SCV  
  76  7:01  Liberator  
  76  7:02  Liberator, SCV  
  76  7:04  Liberator, Refinery  
  77  7:12  Supply Depot  
  77  7:15  Supply Depot x2  
  77  7:17  Supply Depot  
  77  7:18  SCV x3  
  90  7:37  SCV x3  
  90  7:38  Missile Turret  
  90  7:39  Missile Turret  
  92  7:44  Liberator, Refinery  
  92  7:49  SCV x3  
  95  7:51  Supply Depot  
  95  7:52  Supply Depot  
  95  7:53  Supply Depot  
  95  7:56  Armory  
  95  7:59  Armory  
  95  8:01  SCV x2  
  95  8:02  Missile Turret x2  
  100  8:11  Marine  
  100  8:29  Marine  
  98  8:37  Liberator x3  
  90  8:47  Marine  
  84  9:05  Marine  
  84  9:08  Marine x2  
  86  9:16  Orbital Command  
  49  9:43  Widow Mine  
  50  10:12  Widow Mine  
  44  10:40  Widow Mine  
  46  10:47  SCV x2  
  48  10:56  Barracks  
  45  10:58  Command Center  
  45  10:59  SCV, Barracks  
  45  11:00  SCV  
  45  11:12  SCV x2  
  46  11:24  SCV x2  
  45  11:36  SCV x2  
  44  11:43  Barracks  
  44  11:50  Barracks  
  44  11:53  Orbital Command  
  38  12:05  Marine x2  
  35  12:23  Marine x2  
  37  12:34  Orbital Command  
  37  12:41  Marine x2  
  39  12:45  Marine x2  
  37  12:59  Marine x2  
  37  13:02  Marine  
  37  13:03  Marine  
Tags
 
Add a new tag
Caveats
  • Supply blocks, unpowered buildings, or Contaminate may cause inaccurate times.
  • Supply counts are checked every 10 seconds.